 Dungeon Crawl Stone Soup version 0.23-a0-143-g1adec7b (webtiles) character file.

390 Amnesiac the Chiller (level 6, -6/44 HPs)
             Began as a Mummy Ice Elementalist on Sept 7, 2018.
             Mangled by an ogre
             ... wielding a +0 giant club
              (19 damage)
             ... on level 4 of the Dungeon.
             The game lasted 00:07:28 (3102 turns).

Amnesiac the Chiller (Mummy Ice Elementalist)       Turns: 3102, Time: 00:07:29

Health: -6/44      AC:  2    Str: 15    XL:     6   Next: 50%
Magic:  2/12       EV: 12    Int: 16    God:
Gold:   50         SH:  0    Dex: 12    Spells: 5/13 levels left

rFire    x . .     SeeInvis .   d - +0 war axe
rCold    + . .     Gourm    .   (no shield)
rNeg     + + +     Faith    .   a - +0 robe
rPois    ∞         Spirit   .   (no helmet)
rElec    .         Reflect  .   f - scarf {repulsion}
rCorr    .         Harm     .   (no gloves)
MR       .....     Rnd*Tele +   (no boots)
Stlth    ++........             (no amulet)
HPRegen  0.14/turn              g - +3 ring of strength
MPRegen  0.13/turn              i - ring of teleportation (curse)

@: very slightly contaminated, repel missiles
A: no food or potions, fire vulnerability, cold resistance 1, negative energy
resistance 3, torment resistance, unbreathing
a: no special abilities


You were on level 4 of the Dungeon.
You were not hungry.

You visited 1 branch of the dungeon, and saw 5 of its levels.

You collected 50 gold pieces.

Inventory:

Hand Weapons
 d - a +0 war axe (weapon)
Armour
 a - a +0 robe (worn)
 c - a +0 ring mail
 f - a scarf of repulsion (worn)
Jewellery
 g - a +3 ring of strength (left hand)
 i - a cursed ring of teleportation (right hand)
Scrolls
 b - a scroll of teleportation {!r, unknown}
 e - 2 scrolls of blinking {!r}
 h - a scroll of magic mapping {!r}


   Skills:
 - Level 1.8 Fighting
 - Level 1.5 Dodging
 - Level 1.5 Stealth
 - Level 4.1 Spellcasting
 * Level 3.4 Conjurations
 - Level 4.1 Ice Magic


You had 5 spell levels left.
You knew the following spells:

 Your Spells              Type           Power        Failure   Level  Hunger
a - Freeze                Ice            ###.         3%          1    N/A
b - Ozocubu's Armour      Chrm/Ice       #.......     22%         3    N/A
d - Throw Icicle          Conj/Ice       ###.....     34%         4    N/A

Your spell library contained the following spells:

 Spells                   Type           Power        Failure   Level  Hunger
 Throw Frost              Conj/Ice       ###...       5%          2    N/A
 Summon Ice Beast         Ice/Summ       #.......     56%         4    N/A

Dungeon Overview and Level Annotations

Branches:
Dungeon (5/15)
 Temple: D:4-7

Altars:
Trog
Wu Jian

Shops:
D:5 *

Annotations:
D:5 Duvessa


Innate Abilities, Weirdness & Mutations

You do not eat or drink.
Your flesh is vulnerable to fire.
You are immune to poison.
Your flesh is cold resistant. (rC+)
You are immune to negative energy. (rN+++)
You are immune to unholy pain and torment.
You can survive without breathing.


Message History

g - Guard the area. f - Follow me.
Anything else - Cancel.
You shout for attention!
You start resting.
Magic restored.
You start resting.
HP restored.
What are your orders? t - Shout!
Orders for allies: a - Attack new target. r - Retreat! s - Stop attacking. g - Guard the area. f - Follow me.
Anything else - Cancel.
You shout for attention!
Unknown command.
Unknown command.
Clearing level map. x2
Unknown command.
Level map cleared.
Things that are here:
a leather armour; a flail; a trident
Things that are here:
a fizzy dark potion {!q}; a scale mail; a club You are suddenly yanked towards a nearby monster!
Your surroundings suddenly seem different.
An ogre is nearby!
An ogre is nearby!
Casting: Freeze (safe; 3% risk of failure)
Confirm with . or Enter, or press ? or * to list all spells.
Aiming: Throw Icicle (quite dangerous; 34% risk of failure)
Press: ? - help, Shift-Dir - straight line, f - ogre
Aim: an ogre, wielding a giant club (hasn't noticed you)
The shard of ice hits the ogre.
The ogre is moderately wounded.
The ogre shouts!
Unknown command.
Casting: Throw Icicle (quite dangerous; 34% risk of failure)
Confirm with . or Enter, or press ? or * to list all spells.
Aiming: Throw Icicle (quite dangerous; 34% risk of failure)
Press: ? - help, Shift-Dir - straight line, f/p - ogre
Aim: an ogre, wielding a giant club (moderately wounded)
You miscast Throw Icicle.
You are very lightly contaminated with residual magic.
A wave of violent energy washes through your body!
Unknown command.
Casting: Throw Icicle (quite dangerous; 34% risk of failure)
Confirm with . or Enter, or press ? or * to list all spells.
Aiming: Freeze (safe; 3% risk of failure)
Press: ? - help, Shift-Dir - straight line, f/p - ogre
Aim: an ogre, wielding a giant club (moderately wounded)
You freeze the ogre.
The ogre is heavily wounded.
The ogre hits you with a giant club!!
Ouch! That really hurt!
* * * LOW HITPOINT WARNING * * *
Casting: Freeze (safe; 3% risk of failure)
Confirm with . or Enter, or press ? or * to list all spells.
Aiming: Freeze (safe; 3% risk of failure)
Press: ? - help, Shift-Dir - straight line, f/p - ogre
Aim: an ogre, wielding a giant club (heavily wounded)
You freeze the ogre.
The ogre is severely wounded.
The ogre hits you with a giant club!!
You die...

*,* *,,,,,,,,****,,,,,,, *,*
*,...,,,,*,,,,,,,,,, **,*
**,...,,,,,,*,,,,,,,, *,,*
*,,#.#,******,******* *,**
**,*#..,* *,,,* ***,* *,,##.#**
*,*** **,,,* **,*,(.# **,* ******
***,,*****,,,,#(# *,,* *,,,<,
**,,,,,,,,,,,,*#@#****,*****,****
*,,,,,*,,******#O.......,,,,,*
,,,,,,,,*****,,...######******
,,,*******,,,,....#
,,*******,,**#<...# ,,,,,,,,,,**
#..### *********** ###*


You could see an ogre.

Vanquished Creatures
  A sky beast (D:5)
  Dowan (D:5)
  A scorpion (D:4)
  A centaur skeleton (D:5)
  An orc priest (D:4)
  Jessica (D:2)
  A worker ant (D:5)
  4 adders
  2 gnolls (D:4)
  A shadow imp (D:5)
  An ooze (D:3)
  A worm (D:4)
  A dart slug (D:3)
  2 leopard geckos
  3 orcs (D:4)
  A ball python (D:3)
  A bat (D:3)
  A giant cockroach (D:5)
  2 goblins
  A hobgoblin (D:1)
  A quokka (D:3)
  2 frilled lizards
  A leopard gecko skeleton (D:4)
  A rat (D:3)
33 creatures vanquished.

Notes
Turn   | Place    | Note
-------+----------+-------------------------------------------
     0 | D:1      | Amnesiac the Mummy Ice Elementalist began the quest for the
                  | Orb.
     0 | D:1      | Reached XP level 1. HP: 13/13 MP: 4/4
   104 | D:3      | Noticed Jessica
   216 | D:2      | Killed Jessica
   216 | D:2      | Reached skill level 1 in Fighting
   216 | D:2      | Reached XP level 2. HP: 17/21 MP: 1/6
   216 | D:2      | Reached XP level 3. HP: 21/26 MP: 1/7
   221 | D:2      | Learned a level 3 spell: Ozocubu's Armour
   429 | D:4      | Noticed an ogre
   715 | D:5      | Entered Level 5 of the Dungeon
   715 | D:5      | Noticed Duvessa
   715 | D:5      | Noticed Dowan
   716 | D:5      | Noticed a scorpion
   725 | D:4      | Killed a scorpion
   725 | D:4      | Reached XP level 4. HP: 6/33 MP: 3/9
   928 | D:4      | Learned a level 4 spell: Throw Icicle
   978 | D:4      | Found a bloodstained altar of Trog.
  1018 | D:4      | Reached XP level 5. HP: 11/38 MP: 0/10
  1033 | D:4      | Reached skill level 1 in Conjurations
  1442 | D:4      | Noticed an ogre
  1464 | D:4      | Found an ornate altar of the Wu Jian Council.
  1646 | D:5      | Noticed a sky beast
  1680 | D:5      | Killed Dowan
  1725 | D:5      | Noticed an ogre
  2257 | D:5      | Killed a sky beast
  2257 | D:5      | Reached XP level 6. HP: 18/44 MP: 5/12
  2399 | D:5      | Noticed a sky beast
  2400 | D:5      | Found Soogil's General Store.
  3028 | D:4      | Found a bloodstained altar of Trog.
  3102 | D:4      | Mangled by an ogre

Vault maps used:
D:1:      dpeg_arrival_line_fractal
D:3:      lemuel_crystal_altar, minmay_stone_trees_small, uniq_jessica
D:4:      nicolae_overflow_crystal_walls, old_standard_altar
D:5:      nicolae_overflow_hidden_temple, kennysheep_mini_moat, serial_shops,
          shop_coins, first_ration, makhleb_altar_promises_db, uniq_duvessa

Skill      XL: |  1  2  3  4  5 |
---------------+----------------+-----
Fighting       | 1 |  1.8
Spellcasting   | 3 4 |  4.1
Ice Magic      | 3 4 |  4.1
Conjurations   | 3 |  3.4
Dodging        | |  1.5
Stealth        | |  1.5

Action                   |  1- 3 |  4- 6 || total
-------------------------+-------+-------++-------
Melee: War axe           |     4 |    13 ||    17
 Cast: Freeze            |    43 |    54 ||    97
       Throw Icicle      |       |     1 ||     1
  Use: Scroll            |       |     2 ||     2
Armor: Robe              |     1 |    13 ||    14
Dodge: Dodged            |    21 |    63 ||    84
       Deflected         |       |     7 ||     7

Table legend:
 A = Non-vault XP
 B = Vault XP
 C = Vault XP percentage of total XP
 D = Non-vault monster count
 E = Vault monster count
 F = Vault count percentage of total count
                 A         B        C        D         E       F
            +---------+---------+-------+---------+---------+-------
      Total |     452 |     106 |  19.0 |      31 |       2 |   6.1
            +---------+---------+-------+---------+---------+-------
        D:1 |       2 |       0 |   0.0 |       1 |       0 |   0.0
        D:2 |       3 |      37 |  92.5 |       2 |       1 |  33.3
        D:3 |      37 |       0 |   0.0 |       9 |       0 |   0.0
        D:4 |     190 |       0 |   0.0 |      12 |       0 |   0.0
        D:5 |     220 |      69 |  23.9 |       7 |       1 |  12.5
            +---------+---------+-------+---------+---------+-------
